 Dungeon Crawl Stone Soup version 0.21.0-3-g78d12a8 (webtiles) character file.

450 tidbits the Sneak (level 6, -1/25 HPs)
             Began as a Felid Transmuter on Jan 11, 2018.
             Was an Initiate of Wu Jian.
             Slain by a bullfrog (8 damage)
             ... on level 6 of the Dungeon.
             The game lasted 00:10:37 (1686 turns).

tidbits the Sneak (Felid Transmuter)                Turns: 1686, Time: 00:10:37

Health: -1/25      AC:  2    Str:  8    XL:     6   Next: 74%
Magic:  10/10      EV: 18    Int: 15    God:    Wu Jian [......]
Gold:   135        SH:  0    Dex: 16    Spells: 3/9 levels left
                                        Lives:  0   Deaths: 1

rFire    . . .     SeeInvis +     - Unarmed
rCold    + . .     Gourm    .   (shield unavailable)
rNeg     . . .     Faith    .   (armour unavailable)
rPois    .         Spirit   .   (helmet unavailable)
rElec    .         Reflect  .   (cloak unavailable)
rCorr    .         Harm     .   (gloves unavailable)
MR       +....                  (boots unavailable)
Stlth    ++++......             (no amulet)
HPRegen  0.08/turn              H - ring of protection from magic
MPRegen  0.12/turn              j - ring of protection from cold

@: quick
A: very small, no armour, no weapons or thrown items, stealth, claws 1, fangs 3,
see invisible, carnivore, speed 1, shaggy fur 2, slow metabolism 1, sharp paws
a: Renounce Religion


You were on level 6 of the Dungeon.
You worshipped Wu Jian.
Wu Jian was noncommittal.
You were not hungry.

You visited 2 branches of the dungeon, and saw 8 of its levels.

You collected 135 gold pieces.

Inventory:

Missiles
 a - 29 arrows
Jewellery
 g - an uncursed ring of protection from fire
   (You found it on level 5 of the Dungeon)
 j - a ring of protection from cold (right paw)
   (You found it on level 5 of the Dungeon)
 H - a ring of protection from magic (left paw)
   (You found it on level 1 of the Dungeon)
Wands
 e - a wand of enslavement (11)
 m - a wand of polymorph (10)
Scrolls
 d - a scroll of identify
 f - a scroll of enchant weapon
Books
 b - a book of Changes

   Spells                             Type                      Level
   a - Beastly Appendage              Transmutation                1
   b - Sticks to Snakes               Transmutation                2
   c - Spider Form                    Transmutation/Poison         3
   d - Ice Form                       Ice/Transmutation            4
   e - Blade Hands                    Transmutation                5
 k - a book of Callings
   (You found it on level 6 of the Dungeon)

   Spells                             Type                      Level
   a - Summon Small Mammal            Summoning                    1
   b - Call Imp                       Summoning                    2
   c - Call Canine Familiar           Summoning                    3
   d - Summon Guardian Golem          Hexes/Summoning              3
   e - Summon Lightning Spire         Summoning/Air                4
   f - Summon Ice Beast               Ice/Summoning                4
Comestibles
 c - 4 rations


   Skills:
 - Level 1.0 Fighting
 - Level 2.6 Dodging
 - Level 6.9 Stealth
 - Level 3.0 Unarmed Combat
 - Level 2.0 Spellcasting
 + Level 6.2 Transmutations


You had 3 spell levels left.
You knew the following spells:

 Your Spells              Type           Power        Failure   Level  Hunger
e - Beastly Appendage     Tmut           ###...       1%          1    #......
k - Sticks to Snakes      Tmut           ###.....     2%          2    ###....
p - Spider Form           Tmut/Pois      ##........   19%         3    ###....


Dungeon Overview and Level Annotations

Branches:
Dungeon (7/15)             Temple (1/1) D:6

Altars:
Fedhas
Gozag
Nemelex Xobeh
Wu Jian
Yredelemnul

Shops:
D:6 [

Annotations:
D:3 Suckerboh's ghost, amateur GrGl
D:4 Suckerboh's ghost, weakling GrGl


Innate Abilities, Weirdness & Mutations

You cannot wear armour.
You are incapable of wielding weapons or throwing items.
Your paws allow you to move quietly. (Stealth)
You have sharp claws.
You have razor-sharp teeth.
You have supernaturally acute eyesight. (SInv)
You are carnivorous and can eat meat at any time.
You cover ground quickly.
You are covered in thick fur. (AC +2)
You have a slow metabolism.
Your sharp claws are effective at attacking unaware monsters.


Message History

You hit the phantom but do no damage.
The phantom is heavily damaged.
You hit the phantom.
The phantom is heavily damaged.
The phantom misses you.
You hit the phantom.
The phantom is heavily damaged.
The phantom blinks!
Your transformation is almost over.
You hit the phantom.
The phantom is severely damaged.
The phantom hits you.
* * * LOW HITPOINT WARNING * * *
You miss the phantom.
The phantom is severely damaged.
You feel a little less agile now. The phantom misses you.
You hit the phantom but do no damage.
The phantom is severely damaged.
The phantom barely misses you.
You hit the phantom.
The phantom is severely damaged.
The phantom hits you!
* * * LOW HITPOINT WARNING * * *
The phantom blinks!
You hit the phantom but do no damage.
The phantom is severely damaged.
The phantom barely misses you.
You miss the phantom.
The phantom is severely damaged.
The phantom misses you.
Your transformation has ended.
The phantom blinks!
The phantom blinks!
Really walk into a travel-excluded area?
Found an escape hatch in the floor.
You pounce on the unaware helpless water moccasin!
You mangle the water moccasin!!
The water moccasin is almost dead.
The water moccasin closely misses you.
You scratch the water moccasin.
You kill the water moccasin!
Your Transmutations skill increases to level 5!
Press: ? - help, v - describe, . - travel The floor.
Reduced exclusion size to a single square.
Removed exclusion.
You found a shaft!
A centaur comes into view.
Found 12 gold pieces.
You pounce on the unaware helpless centaur!
You mangle the centaur!!
The centaur is almost dead.
The centaur misses you.
You scratch the centaur but do no damage.
The centaur is almost dead.
The centaur hits you.
* * * LOW HITPOINT WARNING * * *
The centaur hits you but does no damage.
Casting: Spider Form
Confirm with . or Enter, or press ? or * to list all spells.
You turn into a venomous arachnid creature.
The centaur completely misses you.
You hit the centaur.
You kill the centaur!
Your Transmutations skill increases to level 6!
Found a hunting sling and 6 gold pieces.
a - 29 arrows (gained 21)
You now have 129 gold pieces (gained 12).
You see here a shortbow.
Your transformation is almost over.
You see here a shortbow.
You now have 135 gold pieces (gained 6).
You open the door.
Your transformation has ended.
Found a staircase to the Ecumenical Temple.
There is an open door here.
There is a staircase to the Ecumenical Temple here.
You climb downwards.
Welcome to the Ecumenical Temple!
There is a staircase back to the Dungeon here.
Unknown command.
Found a blossoming altar of Fedhas.
Found a sparkling altar of Nemelex Xobeh.
Found an ornate altar of the Wu Jian Council.
There is an ornate altar of the Wu Jian Council here.
You sit before the altar of Wu Jian.
The Council welcomes you!
You can now perform damaging attacks by moving towards foes.
There is a staircase back to the Dungeon here.
You climb upwards.
Welcome back to the Dungeon!
There is a staircase to the Ecumenical Temple here.
Unknown command.
You open the door.
Found a stone staircase leading up.
There is an open door here.
A bullfrog comes into view.
There is a stone staircase leading up here.
The bullfrog croaks.
The bullfrog hits you!
You die...

....# #.) .
#.#.####+### #.# #.
#.#.##.....# #.#
#.####....#.⌠.⌠.###.#
#.........'..>..'.#.#
#.......#.⌠.⌠.#...#
#.##<#.##.....###.#
#......####+### #.#
#.@##### #.# #.F# #.#
#..# #.# #..# #.#
#..# ... #..# #..#
#..#


You could see a bullfrog.

Vanquished Creatures
  A water moccasin (D:6)
  A sky beast (D:6)
  A centaur (D:6)
  A scorpion (D:7)
  An orc wizard (D:6)
  Jessica (D:2)
  2 worker ants
  An adder (D:6)
  An ooze (D:2)
  An adder skeleton (D:4)
  2 worms (D:2)
  3 orcs (D:6)
  5 bats
  2 giant cockroaches
  6 hobgoblins
  4 jackals (D:6)
  3 quokkas (D:2)
  A frilled lizard (D:2)
  4 goblins
  5 kobolds
  6 rats
52 creatures vanquished.

Vanquished Creatures (collateral kills)
  An ooze (D:2)
1 creature vanquished.

Grand Total: 53 creatures vanquished

Notes
Turn   | Place    | Note
-------+----------+-------------------------------------------
     0 | D:1      | tidbits the Felid Transmuter began the quest for the Orb.
     0 | D:1      | Reached XP level 1. HP: 9/9 MP: 4/4
    84 | D:1      | Reached skill level 1 in Stealth
   193 | D:1      | Reached skill level 2 in Stealth
   312 | D:2      | Reached XP level 2. HP: 12/12 MP: 4/6
   316 | D:2      | Learned a level 2 spell: Sticks to Snakes
   353 | D:3      | Noticed Suckerboh's ghost (amateur GrGl)
   412 | D:2      | Reached skill level 3 in Stealth
   453 | D:2      | Noticed Jessica
   476 | D:2      | Killed Jessica
   476 | D:2      | Reached skill level 4 in Stealth
   476 | D:2      | Reached XP level 3. HP: 14/15 MP: 0/7
   576 | D:2      | Reached skill level 5 in Stealth
   879 | D:2      | Reached XP level 4. HP: 16/19 MP: 8/8
   919 | D:2      | Found an opulent altar of Gozag.
  1113 | D:4      | Noticed Suckerboh's ghost (weakling GrGl)
  1130 | D:5      | Entered Level 5 of the Dungeon
  1130 | D:5      | Noticed a phantom
  1147 | D:5      | Slain by a worker ant
  1148 | D:5      | Reached XP level 3. HP: -4/15 MP: 7/7
  1158 | D:5      | Reached skill level 6 in Stealth
  1179 | D:6      | Reached XP level 4. HP: 19/19 MP: 8/8
  1180 | D:6      | Found Licui's Antique Armour Shoppe.
  1195 | D:6      | Learned a level 3 spell: Spider Form
  1241 | D:6      | Noticed a water moccasin
  1276 | D:6      | Noticed a sky beast
  1321 | D:7      | Reached skill level 3 in Transmutations
  1321 | D:7      | Reached XP level 5. HP: 16/22 MP: 3/9
  1387 | D:7      | Noticed an ogre
  1424 | D:7      | Noticed a centaur
  1435 | D:6      | Killed a sky beast
  1435 | D:6      | Reached skill level 4 in Transmutations
  1445 | D:6      | Found a basalt altar of Yredelemnul.
  1470 | D:6      | Gained mutation: You are covered in thick fur. (AC +2) [Felid growth]
  1470 | D:6      | Reached XP level 6. HP: 20/25 MP: 10/10
  1525 | D:6      | HP: 1/25 [phantom (8)]
  1581 | D:6      | Killed a water moccasin
  1581 | D:6      | Reached skill level 5 in Transmutations
  1614 | D:6      | HP: 2/25 [centaur (5)]
  1616 | D:6      | Reached skill level 6 in Transmutations
  1633 | D:6      | Found a staircase to the Ecumenical Temple.
  1639 | Temple   | Entered the Ecumenical Temple
  1657 | Temple   | Became a worshipper of the Wu Jian Council
  1686 | D:6      | Slain by a bullfrog

Skill      XL: |  1  2  3  4  5  6 |
---------------+-------------------+-----
Stealth        | 2 4 6 |  6.9
Transmutations | 3 4 6 |  6.2
Fighting       | |  1.0
Dodging        | |  2.6
Unarmed Combat | |  3.0
Spellcasting   | |  2.0

Action                   |  1- 3 |  4- 6 || total
-------------------------+-------+-------++-------
Melee: Unarmed           |    83 |    72 ||   155
       Headbutt          |     8 |     2 ||    10
       Bite              |     5 |     1 ||     6
       Punch             |     1 |       ||     1
 Cast: Beastly Appendage |    18 |     3 ||    21
       Sticks to Snakes  |     4 |       ||     4
       Spider Form       |       |     6 ||     6
  Use: Scroll            |     1 |     1 ||     2
       Potion            |       |     5 ||     5
 Stab: Sleeping          |    14 |     8 ||    22
Armor: Skin              |     5 |     4 ||     9
Dodge: Dodged            |    42 |    54 ||    96

Table legend:
 A = Turns spent in this place as a percentage of turns spent in the entire game.
 B = Non-inter-level travel turns spent in this place as a percentage of non-inter-level travel turns spent in the entire game.
 C = Inter-level travel turns spent in this place as a percentage of turns spent in this place.
 D = Turns resting spent in this place as a percentage of non-inter-level travel turns spent in this place.
 E = Turns spent auto-exploring this place as a percentage of non-inter-level travel turns spent in this place.
 F = Non-inter-level travel turns spent in this place divided by the number of levels of this place that you've seen.
                   A       B       C       D       E      F
               +-------+-------+-------+-------+-------+----------------------
         Total | 100.0 | 100.0 |   5.6 |   0.0 |   0.0 | 198.9
       Dungeon |  97.8 |  98.7 |   4.7 |   0.0 |   0.0 | 224.4
        Temple |   2.2 |   1.3 |  45.9 |   0.0 |   0.0 |  20.0
               +-------+-------+-------+-------+-------+----------------------

Table legend:
 A = Kills in this place as a percentage of kills in entire the game.
 B = Kills by you in this place as a percentage of kills by you in the entire game.
 C = Kills by friends in this place as a percentage of kills by friends in the entire game.
 D = Other kills in this place as a percentage of other kills in the entire game.
 E = Experience gained in this place as a percentage of experience gained in the entire game.
 F = Experience gained in this place divided by the number of levels of this place that you have seen.
                   A       B       C       D       E      F
               +-------+-------+-------+-------+-------+----------------------
         Total | 100.0 | 100.0 | 100.0 |   N/A | 100.0 |  88.2
       Dungeon | 100.0 | 100.0 | 100.0 |   N/A | 100.0 | 100.9
               +-------+-------+-------+-------+-------+----------------------

Vault maps used:
D:1:      erik_arrival_cave_to_civilisation
D:2:      grunt_gozag_breadcrumbs, uniq_jessica
D:3:      tso_altar
D:4:      first_ration, uniq_natasha
D:5:      okawaru_metal_pillars_3
D:6:      minmay_temple_entry_hall, basic_altar, serial_shops, shop
D:7:      the_bakery, uniq_joseph
Temple:   roderic_octagonal_lattice_temple
